 Dungeon Crawl Stone Soup version 0.28.0-43-g3370ac3207 (webtiles) character file.

Game seed: 2631471508952321346

6325 Ablot the Magician (level 10, -6/79 HPs)
             Began as a Gnoll Warper on Mar 3, 2022.
             Was an Elder of Okawaru.
             Mangled by a skeletal warrior
             ... wielding a +0 trident
             ... led by a skeletal warrior
              (14 damage)
             ... on level 9 of the Dungeon.
             The game lasted 00:25:33 (14867 turns).

Ablot the Magician (Gnoll Warper)                  Turns: 14867, Time: 00:25:33

Health: -6/79      AC: 14    Str: 15    XL:     10   Next: 95%
Magic:  15/21      EV: 17    Int: 12    God:    Okawaru [****..]
Gold:   335        SH:  0    Dex: 12    Spells: 16/24 levels left

rFire   . . .      SeeInvis .   a - +1 trident (venom)
rCold   . . .      Faith    .   (no shield)
rNeg    . . .      Spirit   .   b - +0 ring mail of Action {Slay+4}
rPois   .          Reflect  .   K - +0 helmet
rElec   .          Harm     .   H - +0 cloak
rCorr   .          Rampage  .   Y - +0 pair of gloves
Will    .....                   (no boots)
Stlth   ++........              e - amulet of the acrobat
HPRegen 0.23/turn               y - +4 ring of evasion
MPRegen 0.17/turn               X - +4 ring of protection

@: wereblooded, on blink cooldown
A: fangs 1, strong nose, distributed training
a: Renounce Religion, Heroism, Finesse


You were on level 9 of the Dungeon.
You worshipped Okawaru.
Okawaru was greatly pleased with you.
You visited 2 branches of the dungeon, and saw 10 of its levels.
You also visited: Sewer.

You collected 568 gold pieces.
You spent 233 gold pieces at shops.

Inventory:

Hand Weapons
 a - a +1 trident of venom (weapon)
 w - a +3 trident
Missiles
 d - 5 boomerangs of dispersal
 f - 197 stones
 h - 8 boomerangs (quivered)
 i - 55 sling bullets
 r - 27 bolts
 A - 15 poisoned darts
 C - 5 curare-tipped darts
 E - 104 arrows
 Q - 2 throwing nets
Armour
 b - the +0 ring mail of Action (worn) {Slay+4}
   (You found it on level 7 of the Dungeon)

   Slay:      It affects your accuracy & damage with ranged weapons and melee
   (+4).
 H - a +0 cloak (worn)
 K - a +0 helmet (worn)
 Y - a +0 pair of gloves (worn)
Magical Staves
 u - a staff of cold
 L - a staff of poison
 R - a staff of earth
Jewellery
 e - an amulet of the acrobat (around neck)
 k - a ring of wizardry
 p - a ring of poison resistance
 s - a ring of positive energy
 y - a +4 ring of evasion (left hand)
 S - a +6 ring of dexterity
 U - a ring of fire
 X - a +4 ring of protection (right hand)
Wands
 F - a wand of charming (2)
 O - a wand of iceblast (2)
 T - a wand of mindburst (16)
Scrolls
 c - 2 scrolls of blinking
 j - 3 scrolls of identify {unknown}
 o - a scroll of brand weapon {unknown}
 q - 2 scrolls of summoning {unknown}
 v - 6 scrolls of teleportation
 z - 3 scrolls of immolation {unknown}
 B - 3 scrolls of vulnerability {unknown}
 J - 3 scrolls of fear {unknown}
 M - 3 scrolls of magic mapping {unknown}
 N - a scroll of silence {unknown}
 P - a scroll of amnesia {unknown}
Potions
 g - 3 potions of haste {unknown}
 l - 5 potions of flight
 m - 2 potions of ambrosia {unknown}
 n - a potion of attraction {unknown}
 t - 3 potions of curing {unknown}
 D - 2 potions of might
 G - 3 potions of brilliance {unknown}
 I - a potion of berserk rage {unknown}
 V - a potion of lignification {unknown}
 W - a potion of mutation {unknown}


   Skills:
 + Level 7.4 Fighting
 + Level 5.7 Short Blades
 + Level 5.7 Long Blades
 + Level 5.7 Axes
 + Level 5.7 Maces & Flails
 + Level 7.4 Polearms
 + Level 5.7 Staves
 + Level 5.7 Slings
 + Level 5.7 Bows
 + Level 5.7 Crossbows
 + Level 6.3 Throwing
 + Level 6.3 Armour
 + Level 7.4 Dodging
 + Level 5.7 Stealth
 + Level 5.7 Shields
 + Level 5.7 Unarmed Combat
 + Level 7.7 Spellcasting
 + Level 4.7 Conjurations
 + Level 4.7 Hexes
 + Level 4.7 Summonings
 + Level 4.7 Necromancy
 + Level 7.3 Translocations
 + Level 4.7 Transmutations
 + Level 4.7 Fire Magic
 + Level 4.7 Ice Magic
 + Level 4.7 Air Magic
 + Level 4.7 Earth Magic
 + Level 4.7 Poison Magic
 + Level 6.3 Invocations
 + Level 5.7 Evocations


You had 16 spell levels left.
You knew the following spells:

 Your Spells              Type           Power      Damage    Failure   Level
a - Blink                 Tloc           44%        N/A       1%          2
b - Sting                 Tmut/Pois      64%        1d6       3%          1
c - Poisonous Vapours     Pois/Air       32%        N/A       6%          2
d - Wereblood             Tmut           16%        N/A       6%          2
e - Beastly Appendage     Tmut           32%        N/A       3%          1

Your spell library contained the following spells:

 Spells                   Type           Power      Damage    Failure   Level
 Gell's Gravitas          Tloc           22%        N/A       4%          3
 Lesser Beckoning         Tloc           22%        N/A       4%          3
 Teleport Other           Tloc           22%        N/A       4%          3
 Conjure Flame            Conj/Fire      16%        6-21      12%         3
 Ignite Poison            Fire/Tmut/Pois 16%        N/A       12%         3
 Inner Flame              Hex/Fire       16%        N/A       12%         3
 Spider Form              Tmut/Pois      16%        N/A       12%         3
 Anguish                  Hex/Necr       8%         N/A       36%         4
 Cause Fear               Hex            8%         N/A       36%         4
 Leda's Liquefaction      Hex/Erth       8%         N/A       36%         4
 Sticky Flame             Conj/Fire      16%        2d4       36%         4
 Manifold Assault         Tloc           22%        N/A       36%         5
 Lee's Rapid Deconstruct  Erth           8%         3d8*      71%         5
 Statue Form              Tmut/Erth      10%        N/A       99%         6
 Enfeeble                 Hex            8%         N/A       100%        7
 Discord                  Hex            8%         N/A       100%        8
 Tukima's Dance           Hex            Unusable   N/A       N/A         3

Dungeon Overview and Level Annotations

Branches:
Dungeon (9/15)             Temple (1/1) D:6           Sewer (visited)
   Lair: D:8-11         Orc: D:9-12

Altars:
Ashenzari
Cheibriados
Dithmenos
Elyvilon
Fedhas
Gozag
Kikubaaqudgha
Makhleb
Nemelex Xobeh
Okawaru
Qazlal
Ru
Sif Muna
Trog
Uskayaw
Vehumet
Wu Jian
Xom
Yredelemnul
Zin
The Shining One

Shops:
D:6 *   D:9 (


Innate Abilities, Weirdness & Mutations

You have very sharp teeth.
Your uncanny sense of smell can sniff out nearby items.
Your experience applies equally to all skills.


Message History

Casting: Wereblood (safe; 6% risk of failure)
Confirm with . or Enter, or press ? or * to list all spells.
Your blood is infused with primal strength.
The skeletal warrior hits you from afar with a +0 trident!
* * * LOW HITPOINT WARNING * * *
Unknown command.
Casting: Wereblood (safe; 6% risk of failure)
Confirm with . or Enter, or press ? or * to list all spells.
You blink.
The skeletal warrior hits you from afar with a +0 trident!
* * * LOW HITPOINT WARNING * * *
Unknown command.
You feel stable enough to blink again.
Casting: Blink (safe; 1% risk of failure)
Confirm with . or Enter, or press ? or * to list all spells.
You blink.
Aiming: Mindburst
Press: ? - help, Shift-Dir - straight line, f/p - skeletal warrior
Aim: a skeletal warrior, wielding a +0 trident (heavily damaged, chance to affect: 20%)
Okay, then.
Okay, then.
Throw: 8 boomerangs
Press: ? - help, Q - select action, (/) - cycle Shift-Dir - straight line, f/p - skeletal warrior
Aim: a skeletal warrior, wielding a +0 trident (heavily damaged, 68% to hit)
You throw a boomerang.
The boomerang hits the skeletal warrior.
The skeletal warrior is heavily damaged.
Throw: 8 boomerangs
Press: ? - help, Q - select action, (/) - cycle Shift-Dir - straight line, f/p - skeletal warrior
Aim: a skeletal warrior, wielding a +0 trident (heavily damaged, 68% to hit)
You throw a boomerang.
The boomerang hits the skeletal warrior.
The skeletal warrior is severely damaged.
You see here a howler monkey corpse.
You feel stable enough to blink again.
Casting: Blink (safe; 1% risk of failure)
Confirm with . or Enter, or press ? or * to list all spells.
You blink.
The skeletal warrior hits you from afar with a +0 trident!
You die...

....#........#.###.########.##.#.
....#.#.######.###.###### #.##.#.
....#.###...##.....##...###.##.#.
....#.##.....##...##.....##.##.#.
......#.......#.§.#.......#.##.#.
......#.......'.†.'....[..#.##.#.
......#.......#.z.#.......#.##.#.
##....##.....##...##.....##.##.#.
#########...###.@.###...###.##.#.
# ##### #...# ##### #.##.#. #
##...###...###...###.##.#. #
##.....##...##.....##....#. #
#.......#...#.......#..#... #
#.......'...†.......#..#..# #
#.......#...#.......#.....# #
##.....##...##.....##.#...# #
##...###...###...###.#...#


You could see a skeletal warrior.

Vanquished Creatures
  A cyclops (D:8)
  A troll (D:9)
  A hornet (D:9)
  Prince Ribbit (D:9)
  9 yaks
  2 steam dragons
  A water moccasin (D:7)
  An orc warrior (D:9)
  An ice beast (D:6)
  2 necrophages
  An ogre (D:4)
  A sky beast (D:5)
  3 centaurs
  2 phantoms
  2 kobold brigands
  2 bullfrogs
  A wyvern zombie (D:7)
  2 gnoll sergeants
  2 scorpions
  2 water moccasin zombies
  A wyvern skeleton (D:7)
  6 wights
  8 killer bees
  5 howler monkeys
  A jelly (D:4)
  3 hounds
  3 orc priests
  3 gnoll shamans
  2 centaur skeletons
  4 iguanas
  A merfolk siren (Sewer)
  9 orc wizards
  A merfolk avatar (Sewer)
  A killer bee zombie (D:9)
  2 hound skeletons (D:3)
  2 howler monkey zombies
  14 gnolls
  14 adders
  2 river rats
  2 shadow imps
  A white imp (D:7)
  2 ufetubi
  2 adder zombies
  3 adder skeletons
  3 worms
  3 dart slugs
  13 orcs
  10 ball pythons
  6 bats
  5 endoplasms
  9 giant cockroaches
  8 hobgoblins
  4 jackals (D:2)
  5 kobolds
  8 quokkas
  6 frilled lizards
  10 goblins
  2 quokka skeletons (D:3)
  A quokka zombie (D:3)
  29 rats
252 creatures vanquished.

Vanquished Creatures (others)
  An orc (D:6)
  A plant (D:9)
  A withered plant (D:3)
3 creatures vanquished.

Grand Total: 255 creatures vanquished

Notes
Turn   | Place    | Note
-------+----------+-------------------------------------------
     0 | D:1      | Ablot the Gnoll Warper began the quest for the Orb.
     0 | D:1      | Reached XP level 1. HP: 20/20 MP: 6/6
    24 | D:1      | Found a faded altar of an unknown god.
   220 | D:1      | Reached XP level 2. HP: 15/26 MP: 7/7
   223 | D:1      | Learned a level 2 spell: Blink
  1009 | D:1      | Reached XP level 3. HP: 26/31 MP: 9/9
  1080 | D:1      | Reached skill level 5 in Spellcasting
  1284 | D:2      | Reached skill level 1 in Invocations
  1717 | D:2      | Reached skill level 1 in Short Blades
  1717 | D:2      | Reached skill level 1 in Long Blades
  1717 | D:2      | Reached skill level 1 in Axes
  1717 | D:2      | Reached skill level 1 in Maces & Flails
  1717 | D:2      | Reached skill level 1 in Staves
  1717 | D:2      | Reached skill level 1 in Slings
  1717 | D:2      | Reached skill level 1 in Bows
  1717 | D:2      | Reached skill level 1 in Crossbows
  1717 | D:2      | Reached skill level 1 in Stealth
  1717 | D:2      | Reached skill level 1 in Shields
  1717 | D:2      | Reached skill level 1 in Unarmed Combat
  1717 | D:2      | Reached skill level 1 in Evocations
  1858 | D:2      | Reached XP level 4. HP: 25/38 MP: 11/11
  2291 | D:2      | Reached skill level 1 in Conjurations
  2291 | D:2      | Reached skill level 1 in Hexes
  2291 | D:2      | Reached skill level 1 in Summonings
  2291 | D:2      | Reached skill level 1 in Necromancy
  2291 | D:2      | Reached skill level 1 in Transmutations
  2291 | D:2      | Reached skill level 1 in Fire Magic
  2291 | D:2      | Reached skill level 1 in Ice Magic
  2291 | D:2      | Reached skill level 1 in Air Magic
  2291 | D:2      | Reached skill level 1 in Earth Magic
  2291 | D:2      | Reached skill level 1 in Poison Magic
  2467 | D:3      | Reached XP level 5. HP: 38/43 MP: 12/12
  3365 | D:3      | Reached XP level 6. HP: 41/50 MP: 13/13
  3563 | D:3      | Found a stormy altar of Qazlal.
  3564 | D:3      | Noticed an air elemental
  3564 | D:3      | Noticed a water elemental
  3564 | D:3      | Noticed a fire elemental
  3676 | D:3      | Found a hide-covered altar of Uskayaw.
  4466 | D:4      | Reached skill level 5 in Fighting
  4466 | D:4      | Reached skill level 5 in Polearms
  4466 | D:4      | Reached skill level 5 in Dodging
  4499 | D:4      | Found a glowing drain.
  4510 | Sewer    | Entered a sewer
  5495 | D:4      | Reached XP level 7. HP: 41/49 MP: 15/15
  6398 | D:4      | Found an iron altar of Okawaru.
  6415 | D:4      | Became a worshipper of Warmaster Okawaru
  6543 | D:5      | Entered Level 5 of the Dungeon
  7010 | D:4      | HP: 1/56 [phantom (3)]
  7536 | D:5      | Reached XP level 8. HP: 41/63 MP: 16/16
  8053 | D:5      | Found an opulent altar of Gozag.
  8249 | D:5      | Reached * piety under Okawaru
  9447 | D:6      | Reached ** piety under Okawaru
  9699 | D:6      | Noticed a yak
  9699 | D:6      | Noticed a yak
  9699 | D:6      | Noticed a yak
  9701 | D:6      | Noticed a yak
  9702 | D:6      | Noticed a yak
  9703 | D:6      | Killed a yak
  9703 | D:6      | Killed a yak
  9704 | D:6      | Reached XP level 9. HP: 69/69 MP: 15/18
  9710 | D:6      | Reached skill level 5 in Throwing
  9710 | D:6      | Reached skill level 5 in Armour
  9981 | D:6      | Found Leluf's Serpentskin Sales.
 10048 | D:6      | Bought a +1 trident of venom for 123 gold pieces
 10048 | D:6      | Bought Padwu's Handbook of Poison for 110 gold pieces
 10059 | D:6      | Learned a level 1 spell: Sting
 10062 | D:6      | Learned a level 2 spell: Poisonous Vapours
 10177 | D:6      | Found a staircase to the Ecumenical Temple.
 10193 | Temple   | Entered the Ecumenical Temple
 10531 | D:6      | Found a burning altar of Makhleb.
 10534 | D:6      | Noticed a green death
 10553 | D:6      | Noticed a hellwing
 10685 | D:7      | Reached skill level 5 in Invocations
 10768 | D:7      | Learned a level 2 spell: Wereblood
 10776 | D:7      | Reached *** piety under Okawaru
 10781 | D:7      | Learned a level 1 spell: Beastly Appendage
 11022 | D:7      | Identified the +0 ring mail of Action {Slay+4}
 11155 | D:7      | Found an ornate altar of the Wu Jian Council.
 11760 | D:7      | Reached XP level 10. HP: 77/77 MP: 20/20
 11989 | D:7      | Found a blossoming altar of Fedhas.
 12609 | D:8      | Reached skill level 5 in Short Blades
 12609 | D:8      | Reached skill level 5 in Long Blades
 12609 | D:8      | Reached skill level 5 in Axes
 12609 | D:8      | Reached skill level 5 in Maces & Flails
 12609 | D:8      | Reached skill level 5 in Staves
 12609 | D:8      | Reached skill level 5 in Slings
 12609 | D:8      | Reached skill level 5 in Bows
 12609 | D:8      | Reached skill level 5 in Crossbows
 12609 | D:8      | Reached skill level 5 in Stealth
 12609 | D:8      | Reached skill level 5 in Shields
 12609 | D:8      | Reached skill level 5 in Unarmed Combat
 12609 | D:8      | Reached skill level 5 in Evocations
 12998 | D:8      | Noticed a cyclops
 13007 | D:8      | Killed a cyclops
 13501 | D:8      | Reached **** piety under Okawaru
 13501 | D:8      | Received a gift from Okawaru
 13720 | D:9      | Found a shimmering blue altar of Sif Muna.
 13830 | D:9      | Found a radiant altar of Vehumet.
 14052 | D:9      | Noticed Prince Ribbit
 14093 | D:9      | Killed Prince Ribbit
 14146 | D:9      | Noticed a skeletal warrior
 14148 | D:9      | Noticed a skeletal warrior
 14244 | D:9      | Found Jukasul's Hydra Hut.
 14246 | D:9      | Noticed a six-headed hydra
 14867 | D:9      | Mangled by a skeletal warrior

Illustrated notes

Levels and vault maps discovered:
D:1:      ebering_hopf_link, layout_basic, basic_ecumenical_altar
D:2:      layout_rooms
D:3:      minmay_skewed_foursquare, layout_basic, nicolae_uskayaw_suspiria,
          nicolae_qazlal_style_of_elements, serial_undead, serial_undead_c,
          serial_undead_b, serial_undead_b, serial_undead_e, serial_undead_d,
          serial_undead_b, serial_undead_e
D:4:      layout_loops_ring, kennysheep_okawaru_gauntlet,
          gup_sewer_entry_bubbles
D:5:      layout_loops_ring, grunt_gozag_statues
D:6:      layout_loops_ring, makhleb_altar_promises_db, temple_fountains,
          chequers_hall_statues_corner_a, guppyfry_shop_venom
D:7:      layout_basic, fedhas_altar_1, nicolae_wu_jian_wuxing_cycle,
          serial_co_window_serial, co_window_paths_a,
          co_window_of_opportunity_a, co_window_of_opportunity_a,
          co_window_paths_b, co_window_paths_a, co_window_corner_a,
          co_window_corner_a, co_window_corner_b, co_window_broadway_c,
          co_window_of_opportunity_c, co_window_paths_c, co_window_paths_e,
          co_window_paths_d, minmay_misc_feat_square
D:8:      layout_rooms, nicolae_straight_to_the_point
D:9:      kennysheep_six_static_rooms, layout_basic, general_overflow_altar,
          mainiacjoe_overflow_alcove_4, serial_shops,
          nicolae_shop_advertising_works [nicolae_subvault_shop_adworks],
          serial_co_window_serial, co_window_corner_a, co_window_paths_b,
          co_window_of_opportunity_a, co_window_of_opportunity_a,
          co_window_paths_b, co_window_paths_a, co_window_paths_b,
          co_window_of_opportunity_c, co_window_paths_c, co_window_corner_b,
          co_window_2corner, co_window_corner_b, glass_columns_a,
          glass_columns_b, glass_columns_c, glass_columns_a,
          doesnt_shop_hydraphobe, uniq_prince_ribbit1
Temple:   nicolae_temple_no_exploring_needed

Skill      XL: |  1  2  3  4  5  6  7  8  9 10 |
---------------+-------------------------------+-----
Spellcasting   | 5 6 7 |  7.7
Invocations    | 1 2 3 4 5 6 |  6.3
Short Blades   | 1 2 4 5 |  5.7
Long Blades    | 1 2 4 5 |  5.7
Axes           | 1 2 4 5 |  5.7
Maces & Flails | 1 2 4 5 |  5.7
Staves         | 1 2 4 5 |  5.7
Slings         | 1 2 4 5 |  5.7
Bows           | 1 2 4 5 |  5.7
Crossbows      | 1 2 4 5 |  5.7
Stealth        | 1 2 4 5 |  5.7
Shields        | 1 2 4 5 |  5.7
Unarmed Combat | 1 2 4 5 |  5.7
Evocations     | 1 2 4 5 |  5.7
Conjurations   | 1 2 3 4 |  4.7
Hexes          | 1 2 3 4 |  4.7
Summonings     | 1 2 3 4 |  4.7
Necromancy     | 1 2 3 4 |  4.7
Transmutations | 1 2 3 4 |  4.7
Fire Magic     | 1 2 3 4 |  4.7
Ice Magic      | 1 2 3 4 |  4.7
Air Magic      | 1 2 3 4 |  4.7
Earth Magic    | 1 2 3 4 |  4.7
Poison Magic   | 1 2 3 4 |  4.7
Throwing       | 3 4 5 6 |  6.3
Armour         | 3 4 5 6 |  6.3
Fighting       | 5 6 7 |  7.4
Polearms       | 5 6 7 |  7.4
Dodging        | 5 6 7 |  7.4
Translocations | 6 7 |  7.3

Action                   |  1- 3 |  4- 6 |  7- 9 | 10-12 || total
-------------------------+-------+-------+-------+-------++-------
Melee: Spear             |   168 |    49 |    86 |       ||   303
       Bite              |    15 |    20 |    46 |    21 ||   102
       Punch             |     3 |     6 |    10 |    15 ||    34
       Dagger            |       |   234 |   178 |       ||   412
       Trident           |       |       |   125 |   215 ||   340
Throw: Boomerang         |       |       |    19 |     2 ||    21
       Javelin           |       |       |    10 |     6 ||    16
 Cast: Blink             |       |       |    10 |     3 ||    13
       Poisonous Vapours |       |       |     2 |       ||     2
       Sting             |       |       |     1 |       ||     1
       Wereblood         |       |       |       |     2 ||     2
Invok: Heroism           |       |       |     2 |     1 ||     3
  Use: Potion            |       |     1 |       |       ||     1
 Stab: Sleeping          |     4 |     5 |    10 |     3 ||    22
       Distracted        |       |       |       |     1 ||     1
Armor: Leather armour    |    30 |    51 |    51 |       ||   132
       Ring mail         |       |       |     7 |    25 ||    32
Dodge: Dodged            |    86 |   213 |   318 |   159 ||   776
